Map: 썬더버드 - 래더

Players

lllIIIIllll (Creator)

  • Race: Protoss Protoss
  • League: Master
  • Spawn Location: 5:00

Reynor - Winner!

  • Race: Zerg Zerg
  • League: Master
  • Spawn Location: 11:00

Event: HomeStory Cup XIX

VOD

Have the link to the VOD?

Description

Time

  • Played on: June 27, 2019, 7:22 a.m.
  • Length: 9:40

All games in this series

Show
View Real Time Build Order
Export as new Build Order

lllIIIIllll Protoss 

Build Orders: 1 Gate Expand, Zealot Archon, Archon Drop, Dark Templar Rush 

Get SALT Encoding   

  12  0:00  Probe  
  13  0:12  Probe  
  14  0:19  Pylon  
  14  0:24  Probe  
  15  0:33  Probe  
  15  0:39  Gateway  
  15  0:41  Probe  
  16  0:46  Assimilator  
  17  0:51  Probe  
  18  1:03  Probe  
  19  1:15  Probe  
  20  1:26  Nexus  
  20  1:34  Cybernetics Core  
  20  1:35  Probe  
  20  1:39  Assimilator  
  21  1:47  Probe  
  21  1:54  Pylon  
  22  2:00  Probe  
  23  2:02  Adept  
  23  2:12  Probe  
  26  2:16  Twilight Council  
  26  2:24  Probe  
  26  2:31  Stalker  
  26  2:33  Probe  
  26  2:34  Probe, Warp Gate  
  29  2:41  Probe  
  29  2:42  Probe  
  30  2:50  Probe, Robotics Facility  
  32  2:52  Probe  
  34  3:03  Probe  
  34  3:04  Probe  
  36  3:14  Dark Shrine  
  36  3:15  Probe  
  36  3:16  Probe  
  38  3:24  Gateway  
  38  3:27  Probe  
  38  3:28  Probe  
  38  3:34  Gateway x2  
  40  3:36  Warp Prism  
  40  3:40  Probe x2  
  42  3:43  Pylon  
  44  3:52  Probe  
  44  3:53  Probe  
  46  3:58  Assimilator  
  46  4:00  Assimilator, Pylon  
  46  4:04  Probe, Warp Prism  
  46  4:05  Probe  
  48  4:17  Probe x2  
  52  4:29  Probe  
  52  4:30  Probe  
  54  4:34  Pylon  
  54  4:40  Dark Templar x4  
  62  5:02  Nexus  
  62  5:04  Pylon  
  62  5:08  Archon x2  
  62  5:10  Probe  
  62  5:11  Probe  
  64  5:18  Dark Templar x3  
  70  5:29  Observer, Probe x2  
  70  5:30  Dark Templar  
  75  5:40  Pylon  
  73  5:43  Shield Battery  
  72  5:52  Dark Templar  
  72  5:53  Zealot, Probe x2  
  76  5:57  Archon  
  76  5:58  Archon  
  76  5:59  Immortal  
  76  6:00  Charge  
  80  6:06  Probe x2, Nexus  
  80  6:08  Gateway  
  80  6:09  Gateway  
  80  6:10  Forge  
  82  6:12  Pylon  
  82  6:13  Sentry  
  82  6:14  Probe x2  
  86  6:26  Pylon  
  86  6:27  Probe  
  86  6:28  Probe, Immortal  
  88  6:35  Gateway  
  92  6:40  Gateway  
  92  6:43  Probe x2  
  94  6:49  Sentry x2, Zealot x2  
  94  6:53  Pylon  
  102  7:06  Protoss Ground Weapons Level 1  
  102  7:12  Dark Templar x2  
  106  7:22  Archon  
  106  7:34  Probe  
  106  7:35  Probe x2  
  109  7:37  Dark Templar  
  109  7:38  Zealot x5  
  109  7:42  Photon Cannon  
  121  7:44  Zealot x2  
  121  7:45  Archon, Pylon  
  125  7:56  Pylon  
  125  7:57  Pylon  
  125  8:04  Assimilator  
  125  8:08  Assimilator  
  125  8:09  Probe x3  
  128  8:15  Zealot x4  
  136  8:20  Zealot  
  136  8:21  Zealot x2, Dark Templar  
  134  8:27  Immortal  
  118  9:00  Robotics Facility  
  116  9:05  Zealot x2  
  116  9:06  Zealot x4, Dark Templar x2  
  130  9:14  Archon  
  128  9:19  Shield Battery  
  128  9:21  Shield Battery  
  106  9:31  Zealot x6  
Show
View Real Time Build Order
Export as new Build Order

Reynor Zerg - Winner!

Build Orders: Hatch First 

Get SALT Encoding   

  12  0:00  Drone  
  13  0:12  Overlord  
  13  0:17  Drone  
  14  0:31  Drone x2  
  16  0:48  Hatchery  
  15  0:51  Drone  
  15  0:55  Drone  
  17  0:58  Drone  
  18  1:09  Extractor  
  17  1:14  Spawning Pool  
  17  1:16  Drone  
  17  1:20  Drone  
  18  1:28  Drone  
  19  1:38  Drone  
  20  1:49  Overlord  
  20  2:01  Zergling x4, Queen x2  
  26  2:11  Drone x2  
  26  2:14  Metabolic Boost  
  28  2:21  Drone  
  28  2:22  Drone  
  30  2:38  Drone  
  30  2:39  Drone  
  30  2:41  Hatchery  
  31  2:45  Queen  
  31  2:50  Overlord  
  33  2:53  Drone  
  33  2:54  Drone  
  33  2:58  Drone  
  36  3:09  Drone  
  36  3:10  Drone x2  
  36  3:11  Overlord  
  36  3:12  Zergling x2  
  40  3:14  Queen  
  40  3:17  Drone  
  40  3:19  Drone  
  44  3:26  Overlord  
  44  3:30  Drone  
  45  3:34  Queen  
  45  3:37  Zergling x2  
  45  3:39  Zergling x2  
  45  3:40  Drone x3  
  52  3:44  Overlord  
  52  3:45  Drone  
  54  3:48  Drone  
  54  3:49  Drone  
  54  3:52  Zergling x2  
  54  3:53  Overlord  
  56  3:59  Queen  
  58  4:02  Lair  
  58  4:10  Extractor  
  58  4:11  Extractor, Roach Warren  
  58  4:12  Spore Crawler  
  58  4:15  Drone  
  55  4:19  Drone x3  
  55  4:23  Spore Crawler  
  55  4:24  Zergling x4  
  58  4:25  Zergling x2  
  58  4:28  Zergling x4  
  61  4:33  Drone  
  61  4:34  Drone x2  
  61  4:36  Drone  
  61  4:37  Spore Crawler  
  64  4:40  Drone x2  
  64  4:42  Drone  
  67  4:45  Overlord  
  67  4:47  Drone  
  67  4:48  Drone  
  69  4:55  Overlord  
  69  4:56  Drone x3  
  72  5:04  Evolution Chamber  
  71  5:08  Roach x3  
  71  5:09  Roach  
  71  5:11  Overlord  
  79  5:17  Roach x3  
  79  5:20  Drone x2  
  87  5:25  Overlord  
  87  5:31  Roach x4  
  87  5:32  Overseer  
  94  5:37  Drone x4  
  94  5:40  Overlord  
  96  5:47  Roach x3  
  99  5:50  Overlord  
  99  5:54  Drone x6  
  104  5:57  Zerg Melee Weapons Level 1  
  102  6:04  Drone x3  
  104  6:11  Roach x2  
  104  6:15  Drone x2, Extractor  
  104  6:16  Drone, Extractor, Ravager  
  104  6:17  Overseer, Baneling Nest  
  109  6:18  Overlord  
  109  6:19  Pneumatized Carapace  
  109  6:22  Drone x2  
  109  6:23  Overlord  
  111  6:27  Overseer  
  111  6:32  Roach x2  
  115  6:37  Overlord  
  115  6:43  Drone x3  
  115  6:45  Extractor  
  115  6:46  Hatchery, Roach x2  
  115  6:47  Roach x3  
  126  6:48  Overlord  
  126  6:50  Overlord  
  126  6:54  Overlord x2  
  126  7:01  Roach x2  
  130  7:02  Overseer  
  130  7:03  Overlord  
  130  7:06  Glial Reconstitution  
  130  7:07  Centrifical Hooks  
  130  7:12  Zergling x12  
  130  7:13  Zergling x2  
  135  7:18  Roach x2  
  139  7:26  Zergling x12  
  147  7:30  Roach  
  147  7:33  Overlord  
  147  7:34  Roach x2  
  147  7:36  Roach  
  153  7:39  Ravager  
  153  7:40  Ravager x2  
  153  7:42  Baneling x7  
  153  7:43  Overlord  
  156  7:47  Zergling x8  
  156  7:48  Zergling x2  
  161  7:52  Baneling x6  
  161  7:53  Baneling  
  161  7:59  Roach  
  161  8:00  Zergling x4, Roach x2  
  161  8:03  Baneling x3  
  169  8:06  Zergling x12  
  169  8:12  Drone x4  
  178  8:22  Zergling x2, Roach x4  
  178  8:24  Drone  
  183  8:29  Roach  
  183  8:30  Drone x3  
  188  8:35  Roach  
  188  8:36  Roach  
  188  8:38  Overlord  
  190  8:46  Roach x4  
  189  8:54  Zergling x12  
  190  8:59  Zergling x2, Roach x3  
  190  9:00  Zergling x2  
  190  9:01  Overseer, Ravager x4  
  200  9:11  Ravager  
  200  9:16  Zergling x2  
  199  9:26  Baneling x6  
Tags
 
Add a new tag
Caveats
  • Supply blocks, unpowered buildings, or Contaminate may cause inaccurate times.
  • Supply counts are checked every 10 seconds.